 Dungeon Crawl Stone Soup version 0.26-a0-639-g72c4674329 (webtiles) character file.

Game seed: 7757596433747216765

2868 Borgoz the Skirmisher (level 9, -5/80 HPs)
             Began as a Ghoul Gladiator on Sept 20, 2020.
             Was a Follower of Okawaru.
             Slain by a wight
             ... wielding a cursed +0 halberd
              (12 damage)
             ... on level 7 of the Dungeon.
             The game lasted 00:11:11 (7563 turns).

Borgoz the Skirmisher (Ghoul Gladiator)             Turns: 7563, Time: 00:11:11

Health: -5/80      AC: 11    Str: 18    XL:     9   Next: 76%
Magic:  6/8        EV: 16    Int:  3    God:    Okawaru [*.....]
Gold:   448        SH:  0    Dex: 13    Spells: 8/8 levels left

rFire    . . .     SeeInvis .     - Unarmed
rCold    + . .     Faith    .   (no shield)
rNeg     + + +     Spirit   .   t - +0 scale mail
rPois    ∞         Reflect  .   b - +1 helmet
rElec    .         Harm     .   (no cloak)
rCorr    .         Rampage  .   (no gloves)
MR       .....                  (no boots)
Stlth    +++.......             (no amulet)
HPRegen  0.00/turn              (no ring)
MPRegen  0.11/turn              (no ring)

@: about to teleport, heroism
A: rotting body, claws 1, cold resistance 1, negative energy resistance 3,
inhibited regeneration, torment resistance, unbreathing
a: Heroism, Renounce Religion


You were on level 7 of the Dungeon.
You worshipped Okawaru.
Okawaru was aware of your devotion.
You visited 2 branches of the dungeon, and saw 8 of its levels.

You collected 448 gold pieces.

Inventory:

Armour
 b - a +1 helmet (worn)
 t - a +0 scale mail (worn)
Wands
 p - a wand of enslavement (5)
 s - a wand of iceblast (6)
Scrolls
 d - a scroll of fear
 f - a scroll of enchant weapon
 h - 2 scrolls of remove curse
 i - a scroll of teleportation
 m - a scroll of identify
 w - a scroll of enchant armour
Potions
 a - 2 potions of flight
 e - 2 potions of stabbing


   Skills:
 * Level 7.6(12.6) Fighting
 - Level 1.7(6.7) Throwing
 * Level 6.1(11.1) Armour
 * Level 6.7(11.7) Dodging
 + Level 4.1(9.1) Stealth
 + Level 6.1(11.1) Unarmed Combat


You had 8 spell levels left.
You didn't know any spells.
Your spell library was empty.

Dungeon Overview and Level Annotations

Branches:
Dungeon (7/15)             Temple (1/1) D:7

Altars:
Ashenzari
Cheibriados
Dithmenos
Elyvilon
Fedhas
Gozag
Hepliaklqana
Kikubaaqudgha
Makhleb
Nemelex Xobeh
Okawaru
Qazlal
Sif Muna
Trog
Uskayaw
Vehumet
Wu Jian
Xom
Yredelemnul
The Shining One


Innate Abilities, Weirdness & Mutations

Your body is rotting away.
You thrive by killing the living.
You are immune to poison.
You have sharp fingernails.
Your flesh is cold resistant. (rC+)
You are immune to negative energy. (rN+++)
You do not regenerate when monsters are visible.
You are immune to unholy pain and torment.
You can survive without breathing.


Message History

You are too injured to fight recklessly!
You gain the combat prowess of a mighty hero.
The wight misses you.
The wight hits you from afar with a cursed +0 halberd!
You mangle the wight!!
You destroy the wight!
Okawaru accepts your kill. The wight hits you with a +0 battleaxe!
* * * LOW HITPOINT WARNING * * *
The wight hits you from afar with a cursed +0 halberd!
* * * LOW HITPOINT WARNING * * *
Things that are here:
a cursed +0 great sword; a +1 robe of cold resistance
Okay, then.
Unknown command.
Okay, then.
As you read the scroll of teleportation, it crumbles to dust.
You feel strangely unstable. The wight barely misses you.
The wight hits you from afar with a cursed +0 halberd!
You die...

#.# #.# #†# #.## #..#
##.####.### #.........
#.####....#############
#.# .#.)zz@....... #.#
#.#z###.####. ##.##
#.#.# .. #...## .....
... .....## ##.##.. ##.
......... #.# #.#
.....###. #.# .# #...##
... .# ##### ...


You could see 3 wights.

Vanquished Creatures
  Maggie (D:6)
  An orc warrior (D:7)
  A sky beast (D:5)
  2 necrophages (D:7)
  An ice beast (D:5)
  4 ogres
  A centaur (D:6)
  3 bullfrogs
  A water moccasin zombie (D:6)
  2 scorpions
  6 killer bees
  10 wights
  3 hounds
  3 bullfrog skeletons
  2 gnoll shamans
  4 worker ants
  An iguana (D:6)
  An orc wizard (D:7)
  A mummy (D:5)
  2 worker ant zombies (D:7)
  8 gnolls
  8 adders
  2 shadow imps
  A white imp (D:6)
  An ooze (D:3)
  3 adder skeletons (D:5)
  A dart slug (D:4)
  3 leopard geckos
  19 orcs
  3 ball pythons
  8 bats
  5 goblins
  2 hobgoblins
  2 jackals (D:6)
  5 quokkas
  3 frilled lizards
  A jackal skeleton (D:4)
  2 kobolds
  4 rats
131 creatures vanquished.

Vanquished Creatures (others)
  An orc wizard (D:7)
  8 fungi (D:2)
  4 toadstools (D:2)
13 creatures vanquished.

Grand Total: 144 creatures vanquished

Notes
Turn   | Place    | Note
-------+----------+-------------------------------------------
     0 | D:1      | Borgoz the Ghoul Gladiator began the quest for the Orb.
     0 | D:1      | Reached XP level 1. HP: 17/17 MP: 0/0
   173 | D:1      | Reached XP level 2. HP: 25/25 MP: 1/1
   866 | D:2      | Found a glowing golden altar of the Shining One.
   866 | D:2      | Found a shimmering altar of Xom.
   866 | D:2      | Found a shadowy altar of Dithmenos.
   868 | D:2      | Reached skill level 1 in Armour
   979 | D:2      | Reached XP level 3. HP: 28/30 MP: 2/2
  1178 | D:2      | Found a faded altar of an unknown god.
  1434 | D:2      | Found a glowing golden altar of the Shining One.
  1525 | D:3      | Found a blossoming altar of Fedhas.
  1525 | D:3      | Found a faded altar of an unknown god.
  1531 | D:3      | Found a bloodstained altar of Trog.
  1534 | D:3      | Found a hide-covered altar of Uskayaw.
  1538 | D:3      | Found a stormy altar of Qazlal.
  1637 | D:3      | Found a shattered altar of Ashenzari.
  1692 | D:3      | Reached skill level 3 in Fighting
  1868 | D:3      | Reached XP level 4. HP: 38/38 MP: 3/3
  2007 | D:4      | Reached XP level 5. HP: 32/45 MP: 4/4
  2182 | D:4      | Noticed an ogre
  2198 | D:4      | Killed an ogre
  2203 | D:4      | Noticed an ogre
  2255 | D:5      | Entered Level 5 of the Dungeon
  2524 | D:4      | Reached XP level 6. HP: 45/52 MP: 5/5
  2568 | D:4      | Reached skill level 4 in Fighting
  3540 | D:5      | Reached XP level 7. HP: 51/60 MP: 6/6
  3929 | D:5      | Reached skill level 5 in Fighting
  3938 | D:5      | Reached skill level 1 in Stealth
  4267 | D:5      | Reached XP level 8. HP: 36/68 MP: 7/7
  4521 | D:5      | Reached skill level 5 in Dodging
  4532 | D:5      | Found a snail-covered altar of Cheibriados.
  4701 | D:6      | Reached skill level 5 in Unarmed Combat
  5121 | D:6      | Reached skill level 6 in Fighting
  5325 | D:6      | Noticed Maggie
  5339 | D:6      | Killed Maggie
  5339 | D:6      | Reached skill level 5 in Armour
  5572 | D:6      | Reached XP level 9. HP: 56/78 MP: 8/8
  6207 | D:6      | Noticed a seven-headed hydra
  6447 | D:7      | Found a staircase to the Ecumenical Temple.
  6470 | Temple   | Entered the Ecumenical Temple
  6683 | Temple   | Became a worshipper of Warmaster Okawaru
  6772 | D:7      | Reached skill level 7 in Fighting
  6827 | D:7      | Reached * piety under Okawaru
  7563 | D:7      | Slain by a wight

Illustrated notes

Levels and vault maps discovered:
D:1:      nzn_arrival_settlement, layout_basic
D:2:      layout_basic, chequers_temple_overflow_statue_of_worship,
          chequers_ecumenical_altar_simple, nrook_mini_vaults,
          minmay_gold_behind_fungi, tso_altar
D:3:      layout_rooms, chequers_temple_overflow_minitemple, marbit_many_paths
D:4:      layout_loops_ring
D:5:      layout_loops_ring, slow_altar_2, minmay_misc_feat_rows
D:6:      minmay_chambers_of_sixes, layout_basic, nicolae_sextant, uniq_maggie
D:7:      layout_loops_ring, minmay_temple_entry_wispy, uniq_harold
Temple:   chequers_temple_sunken

Skill      XL: |  1  2  3  4  5  6  7  8  9 |
---------------+----------------------------+-----
Armour         | 1 2 3 4 5 6 |  6.1
Dodging        | 3 4 5 6 |  6.7
Fighting       | 3 4 5 6 7 |  7.6
Unarmed Combat | 4 5 6 |  6.1
Stealth        | 1 2 4 |  4.1
Throwing       | |  1.7

Action                   |  1- 3 |  4- 6 |  7- 9 || total
-------------------------+-------+-------+-------++-------
Melee: Unarmed           |   100 |   127 |   416 ||   643
       Punch             |     2 |     2 |    10 ||    14
Throw: Throwing net      |       |     5 |     1 ||     6
Invok: Heroism           |       |       |     2 ||     2
  Use: Potion            |       |     3 |     7 ||    10
       Scroll            |       |     8 |    12 ||    20
 Stab: Sleeping          |     1 |       |       ||     1
       Held in net/web   |       |     2 |     1 ||     3
       Invisible         |       |       |     3 ||     3
Armor: Leather armour    |    31 |       |       ||    31
       Scale mail        |     4 |    32 |   138 ||   174
Dodge: Dodged            |    61 |    63 |   239 ||   363

Table legend: (Time is in decaauts)
 A = Elapsed time spent in this place.
 B = Non-inter-level travel time spent in this place.
 C = Inter-level travel time spent in this place.
 D = Time resting spent in this place.
 E = Time spent auto-exploring this place.
 F = Levels seen in this place.
 G = Mean time per level.
                   A        B        C        D        E       F      G
               +--------+--------+--------+--------+--------+-----+--------+
         Total |   7528 |   7298 |    230 |   2048 |   4074 |   8 |  941.0 |
       Dungeon |   7179 |   7004 |    175 |   2007 |   3835 |   7 | 1025.6 |
        Temple |    348 |    293 |     55 |     41 |    239 |   1 |  348.0 |
               +--------+--------+--------+--------+--------+-----+--------+

Top non-repeatable levels by time:
     D:6: 1735 daAuts
     D:4: 1274 daAuts
     D:5: 1151 daAuts
     D:7: 811 daAuts
     D:1: 776 daAuts
     D:3: 718 daAuts
     D:2: 711 daAuts
  Temple: 348 daAuts
